 Dungeon Sprint DCSS version 0.23.2 (webtiles) character file.

Game seed: 14572504603187749610

440 Chiseanne the Fighter (level 6, -3/57 HPs)
             Began as a Demonspawn Wanderer on Apr 9, 2019.
             Was an Initiate of Gozag.
             Slain by a slime creature (8 damage)
             ... in the Dungeon (Sprint I: "Red Sonja").
             The game lasted 00:03:04 (863 turns).

Chiseanne the Fighter (Demonspawn Wanderer)          Turns: 863, Time: 00:03:05

Health: -3/57      AC:  7    Str: 11    XL:     6   Next: 70%
Magic:  6/6        EV: 16    Int: 15    God:    Gozag
Gold:   297        SH:  0    Dex: 14    Spells: 5/5 levels left

rFire    . . .     SeeInvis .   k - +0 quarterstaff
rCold    . . .     Gourm    .   (shield currently unavailable)
rNeg     . . .     Faith    .   n - +0 leather armour
rPois    .         Spirit   .   (no helmet)
rElec    +         Reflect  .   (no cloak)
rCorr    .         Harm     .   (no gloves)
MR       .....     NoTele   +   (no boots)
Stlth    ++........             (no amulet)
HPRegen  0.19/turn              (no ring)
MPRegen  0.10/turn              (no ring)

@: no status effects
A: thin metallic scales 3
a: Potion Petition, Call Merchant, Bribe Branch, Renounce Religion


You were in the Dungeon.
You worshipped Gozag.
Gozag was aware of your devotion.
You were not hungry.

You visited 1 branch You collected 297 gold pieces.

Inventory:

Hand Weapons
 a - a +2 shortbow
 f - a +0 dagger
 k - a +0 quarterstaff (weapon)
Missiles
 b - 24 arrows
 i - 23 stones (quivered)
Armour
 n - a +0 leather armour (worn)
Wands
 m - a wand of random effects (19)
Scrolls
 c - a scroll of teleportation
 l - a scroll of blinking
Potions
 d - 3 potions of curing
 j - 2 potions of magic
Comestibles
 g - a ration


   Skills:
 * Level 8.3 Fighting
   Level 1.0 Long Blades
 + Level 6.6 Bows
 - Level 3.1 Armour
 * Level 8.2 Dodging
 - Level 3.2 Stealth
   Level 1.0 Shields


You had 5 spell levels left.
You didn't know any spells.
Your spell library was empty.

Dungeon Overview and Level Annotations

Branches:
Dungeon (1/1)

Altars:
Cheibriados
Dithmenos
Elyvilon
Fedhas
Gozag
Hepliaklqana
Kikubaaqudgha
Makhleb
Nemelex Xobeh
Okawaru
Qazlal
Ru
Sif Muna
Trog
Uskayaw
Vehumet
Wu Jian
Xom
Yredelemnul
Zin
The Shining One
Jiyva
Lugonu

Shops:
D (


Innate Abilities, Weirdness & Mutations

You are completely covered in thin metallic scales. (AC +4, rElec)


Message History

The slime creature hits you! x2
You hit the slime creature.
The slime creature is heavily wounded.
The slime creature hits you.
You feel much better. The slime creature hits you!
You hit the slime creature.
The slime creature is heavily wounded.
The slime creature hits you but does no damage.
You hit the slime creature.
The slime creature is heavily wounded.
The slime creature hits you!!
You hit the slime creature but do no damage.
The slime creature is heavily wounded.
The slime creature barely misses you. The slime creature hits you!
* * * LOW HITPOINT WARNING * * *
You sock the slime creature!
The slime creature is severely wounded.
The slime creature hits you!
You die...
Your body crumbles into a pile of gold.

###################
#<.#..)..#.['..#__#$$
$$
#.[)..#..'..#..'@J+$$
$ #..#####'#####'#__#
$ #..####..#...#.####
$ #..#__####..##.# $$
#..#_____##'#_.+
#⌠⌠#_.∩...'..._# $$
####_..__##_.#'#
$$#_____###+#)# $
####### ### $


You could see a slime creature.

Vanquished Creatures
  Sigmund (D)
  A yak (D)
  An ogre (D)
  A jelly (D)
  Ijyb (D)
5 creatures vanquished.

Notes
Turn   | Place    | Note
-------+----------+-------------------------------------------
     0 | D        | Chiseanne the Demonspawn Wanderer began the quest for the
                  | Orb.
     0 | D        | Chiseanne set off with the following items: a +2 shortbow,
                  | 24 arrows, a scroll of teleportation, 2 potions of curing,
                  | a +0 robe, a +0 dagger, a ration, a potion of heal wounds,
                  | a potion of haste, 2 potions of magic, a potion of berserk
                  | rage, a scroll of blinking
     0 | D        | Reached XP level 1. HP: 13/13 MP: 1/1
     1 | D        | Noticed Ijyb
    12 | D        | Killed Ijyb
    12 | D        | Gained mutation: You are partially covered in thin metallic
                  | scales. (AC +2) [demonic ancestry]
    12 | D        | Reached XP level 2. HP: 12/19 MP: 2/2
   123 | D        | Noticed an ogre
   128 | D        | Killed an ogre
   128 | D        | Reached XP level 3. HP: 30/30 MP: 3/3
   128 | D        | Gained mutation: You are mostly covered in thin metallic
                  | scales. (AC +3) [demonic ancestry]
   128 | D        | Reached XP level 4. HP: 37/37 MP: 4/4
   171 | D        | Noticed Sigmund
   225 | D        | Killed Sigmund
   225 | D        | Reached skill level 5 in Bows
   225 | D        | Gained mutation: You are completely covered in thin
                  | metallic scales. (AC +4, rElec) [demonic ancestry]
   225 | D        | Reached XP level 5. HP: 14/47 MP: 5/5
   225 | D        | Reached XP level 6. HP: 15/53 MP: 6/6
   469 | D        | Found a deep blue altar of Sif Muna.
   470 | D        | Found an ornate altar of the Wu Jian Council.
   471 | D        | Found a radiant altar of Vehumet.
   560 | D        | Found Naoll's Antique Weapon Emporium.
   560 | D        | Found an ancient bone altar of Kikubaaqudgha.
   560 | D        | Found a hazy altar of Hepliaklqana.
   560 | D        | Found a stormy altar of Qazlal.
   560 | D        | Found a hide-covered altar of Uskayaw.
   560 | D        | Found a blossoming altar of Fedhas.
   560 | D        | Found a bloodstained altar of Trog.
   560 | D        | Found an iron altar of Okawaru.
   560 | D        | Found a basalt altar of Yredelemnul.
   560 | D        | Found a glowing golden altar of the Shining One.
   560 | D        | Found a snail-covered altar of Cheibriados.
   560 | D        | Found a sacrificial altar of Ru.
   560 | D        | Found a glowing silver altar of Zin.
   560 | D        | Found a shadowy altar of Dithmenos.
   560 | D        | Found a white marble altar of Elyvilon.
   560 | D        | Noticed a yak
   573 | D        | Killed a yak
   574 | D        | Found an opulent altar of Gozag.
   577 | D        | Found a sparkling altar of Nemelex Xobeh.
   826 | D        | Became a worshipper of Gozag Ym Sagoz the Greedy
   849 | D        | Found a viscous altar of Jiyva.
   849 | D        | Found a corrupted altar of Lugonu.
   849 | D        | Noticed a slime creature
   850 | D        | Found a burning altar of Makhleb.
   850 | D        | Found a shimmering altar of Xom.
   863 | D        | Slain by a slime creature

Skill      XL: |  1  2  3  4  5  6 |
---------------+-------------------+-----
Bows           | 3 4 5 6 |  6.6
Armour         | 3 |  3.1
Dodging        | 2 4 6 8 |  8.2
Stealth        | 3 |  3.2
Fighting       | 4 6 8 |  8.3
Long Blades    | |  1.0
Shields        | |  1.0

Action                   |  1- 3 |  4- 6 || total
-------------------------+-------+-------++-------
Melee: Dagger            |     3 |    49 ||    52
       Scythe            |       |    14 ||    14
       Quarterstaff      |       |     8 ||     8
 Fire: Shortbow          |    11 |       ||    11
  Use: Potion            |     1 |     2 ||     3
 Stab: Sleeping          |       |     2 ||     2
Armor: Leather armour    |       |     7 ||     7
Dodge: Dodged            |     7 |    31 ||    38
